 Dungeon Crawl Stone Soup version 0.21-a0-621-gc60411f (webtiles) character file.

28553 stormannn the Basher (level 13, -1/84 HPs)
             Began as a Gargoyle Fighter on Dec 24, 2017.
             Was a High Priest of Okawaru.
             Killed by divine providence
             ... invoked by an orc priest
              (13 damage)
             ... on level 13 of the Dungeon.
             The game lasted 00:38:15 (15871 turns).

stormannn the Basher (Gargoyle Fighter)            Turns: 15871, Time: 00:38:16

Health: -1/84      AC: 20    Str: 24    XL:     13   Next: 39%
Magic:  11/13      EV: 15    Int: 12    God:    Okawaru [*****.]
Gold:   751        SH: 15    Dex: 16    Spells: 12/12 levels left

rFire    + + +     SeeInvis .   u - +9 morningstar of Qialaum {pain, rF- rN+ Int+2}
rCold    + . .     Gourm    .   c - +0 shield
rNeg     + + .     Faith    +   x - +3 leather armour of Untold Secrets {rElec rC+ Dex+3}
rPois    ∞         Spirit   .   (no helmet)
rElec    +         Reflect  .   H - scarf {rC+ rF+}
rCorr    .         Harm     .   (no gloves)
MR       +....                  N - +1 pair of boots {Fly}
Stlth    ++++......             y - amulet of faith
HPRegen  0.24/turn              o - ring of protection from magic
MPRegen  0.13/turn              Q - ring "Mecleoh" {rPois rF+++ rC- Dex+4 Stlth+}

@: heroism, flying
A: negative energy resistance 1, electricity resistance, unbreathing,
petrification resistance, rot immunity, AC +9
a: Heroism, Finesse, Renounce Religion, Stop Flying


You were on level 13 of the Dungeon.
You worshipped Okawaru.
Okawaru was extremely pleased with you.
You were hungry.

You visited 2 branches of the dungeon, and saw 14 of its levels.
You also visited: Ossuary.

You collected 932 gold pieces.
You spent 181 gold pieces at shops.

Inventory:

Hand Weapons
 e - a +2 mace of holy wrath
 u - the +9 morningstar of Qialaum (weapon) {pain, rF- rN+ Int+2}
   (You found it on level 10 of the Dungeon)

   In the hands of one skilled in necromantic magic, it inflicts extra damage on
   living creatures.
   It affects your intelligence (+2).
   It makes you vulnerable to fire.
   It protects you from negative energy.
Armour
 c - a +0 shield (worn)
 s - a +1 cloak of magic resistance
 x - the +3 leather armour of Untold Secrets (worn) {rElec rC+ Dex+3}
   (You found it on level 6 of the Dungeon)

   It affects your dexterity (+3).
   It protects you from cold.
   It insulates you from electricity.
 F - the +1 scale mail of Pride {*Drain rN++ Int+4}
   (You found it on level 8 of the Dungeon)

   It affects your intelligence (+4).
   It greatly protects you from negative energy.
   It causes draining when unequipped.
 H - a scarf of resistance (worn)
 J - the +4 chain mail of Indecent Exposure {rPois}
   (You found it on level 9 of the Dungeon)

   It protects you from poison.
 N - a +1 pair of boots of flying (worn)
 R - the +4 ring mail "Laddolinn" {+Fly Str+2 Stlth-}
   (Okawaru gifted it to you on level 12 of the Dungeon)

   It affects your strength (+2).
   It lets you fly.
   It makes you less stealthy.
Jewellery
 o - a ring of protection from magic (left hand)
 y - an amulet of faith (around neck)
 Q - the ring "Mecleoh" (right hand) {rPois rF+++ rC- Dex+4 Stlth+}
   (You took it off a crimson imp on level 12 of the Dungeon)

   [ring of poison resistance]

   It affects your dexterity (+4).
   It renders you almost immune to fire.
   It makes you vulnerable to cold.
   It protects you from poison.
   It makes you more stealthy.
Wands
 d - a wand of digging (18)
 G - a wand of enslavement (35)
 I - a wand of iceblast (17)
 K - a wand of flame (20)
 S - a wand of acid (10)
Scrolls
 a - 2 scrolls of fear {unknown}
 g - 3 scrolls of amnesia
 h - 8 scrolls of identify
 i - 3 scrolls of immolation {unknown}
 j - 8 scrolls of teleportation {unknown}
 k - 2 scrolls of blinking {unknown}
 l - 5 scrolls of remove curse {unknown}
 m - a scroll of torment {unknown}
 n - 2 scrolls of noise {unknown}
 r - 5 scrolls of enchant armour {unknown}
 t - 2 scrolls of random uselessness {unknown}
 v - 4 scrolls of magic mapping {unknown}
 O - a scroll of enchant weapon {unknown}
 T - a scroll of brand weapon {unknown}
 U - a scroll of holy word {unknown}
Potions
 b - 2 potions of resistance
 p - a potion of haste
 q - 3 potions of lignification {unknown}
 A - 2 potions of berserk rage {unknown}
 C - a potion of magic {unknown}
 D - a potion of degeneration {unknown}
 E - a potion of brilliance {unknown}
 L - a potion of mutation {unknown}
Books
 M - a book of the Sky

   Spells                             Type                      Level
   a - Summon Lightning Spire         Summoning/Air                4
   b - Silence                        Hexes/Air                    5
   c - Deflect Missiles               Charms/Air                   6
   d - Conjure Ball Lightning         Conjuration/Air              6
   e - Tornado                        Air                          9
 P - a book of Misfortune

   Spells                             Type                      Level
   a - Confusing Touch                Hexes                        1
   b - Confuse                        Hexes                        3
   c - Gell's Gravitas                Translocation                3
   d - Petrify                        Transmutation/Earth          4
   e - Metabolic Englaciation         Hexes/Ice                    5
   f - Yara's Violent Unravelling     Hexes/Transmutation          5
 V - a book of Conjurations

   Spells                             Type                      Level
   a - Magic Dart                     Conjuration                  1
   b - Searing Ray                    Conjuration                  2
   c - Dazzling Spray                 Conjuration/Hexes            3
   d - Fulminant Prism                Conjuration/Hexes            4
   e - Force Lance                    Conjuration/Translocation    4
   f - Iskenderun's Mystic Blast      Conjuration                  4
Comestibles
 f - 19 rations


   Skills:
 + Level 11.4(16.4) Fighting
 * Level 13.9(18.9) Maces & Flails
 + Level 11.5(16.5) Armour
 + Level 11.4(16.4) Shields


You had 12 spell levels left.
You didn't know any spells.

Dungeon Overview and Level Annotations

Branches:
Dungeon (13/15)            Temple (1/1) D:6            Lair (0/6) D:11
    Orc (0/2) D:12         Vaults (0/5) D:13

Altars:
Ashenzari
Cheibriados
Dithmenos
Elyvilon
Fedhas
Gozag
Hepliaklqana
Kikubaaqudgha
Makhleb
Nemelex Xobeh
Okawaru
Qazlal
Ru
Sif Muna
Trog
Uskayaw
Vehumet
Wu Jian
Xom
Yredelemnul
Zin
The Shining One

Shops:
D:6 [   D:8 :   D:10 }   D:11 [


Innate Abilities, Weirdness & Mutations

You are resistant to torment.
Your stone body is resilient. (AC +9)
You are immune to poison.
You resist negative energy. (rN+)
You are resistant to electric shocks. (rElec)
You can survive without breathing.
You are immune to petrification.
You are immune to rotting.


Message History

You barely miss the orc.
The orc priest calls down the wrath of Beogh upon you.
Beogh smites you!
* * * LOW HITPOINT WARNING * * *
The orc hits you but does no damage.
You feel better.
The orc priest looks braver for a moment.
Okay, then.
You impale the orc!!
You kill the orc!
The orc priest begins to cast a cantrip, but forgets the words!
You block the orc priest's attack.
Items here: )) [[ a club; a ring mail; a dagger; a leather armour You puncture the orc priest!
You kill the orc priest!
Okawaru accepts your kill.
The orc priest invokes the aid of Beogh against you.
Beogh smites you!
You die...

#†#
#†#
#)#
#)#
#)#
#[#
#)#
#)#
#@#
#)#
#o#


ooO ..o.. #.....$ #......o #......oO #.......o. You could see an ogre, an orc
priest and 3 orcs.

Vanquished Creatures
  Rupert (D:12)
  Snorg (D:12)
  2 hydras
  Harold (D:10)
  2 dancing weapons (D:13)
  A death knight (D:12)
  6 two-headed ogres
  An unseen horror (D:12)
  2 ugly things (D:12)
  A manticore (D:11)
  2 cyclopes (D:12)
  A guardian serpent (D:11)
  2 kobold demonologists (D:12)
  3 trolls
  3 hornets
  4 hippogriffs
  7 slime creatures
  A shadow (D:11)
  2 vampires (D:12)
  A basilisk (D:11)
  7 yaks (D:11)
  3 hungry ghosts
  A warg (D:12)
  A water moccasin (D:13)
  The ghost of bearx12000 the Sneak, an amateur SpEn (D:3)
  4 phantoms
  A hornet zombie (D:10)
  7 orc warriors
  4 ice beasts (D:11)
  A sky beast (D:5)
  8 centaurs
  11 ogres
  2 crocodiles
  6 big kobolds
  An elf zombie (Ossuary)
  A gnoll sergeant (D:11)
  12 bullfrogs
  A wyvern zombie (D:10)
  A scorpion (D:10)
  7 killer bees
  3 wights (D:6)
  A howler monkey (D:12)
  7 crimson imps
  A bullfrog zombie (D:11)
  A centaur zombie (D:12)
  4 hounds
  4 jellies
  2 human zombies (Ossuary)
  12 orc priests
  8 centaur skeletons
  14 orc wizards
  A bullfrog skeleton (D:4)
  4 iguanas
  10 worker ants
  A killer bee zombie (D:7)
  A big kobold zombie (Ossuary)
  2 hound zombies
  4 mummies (Ossuary)
  2 worker ant zombies
  9 adders
  14 gnolls
  3 shadow imps
  An ooze (D:7)
  An adder skeleton (D:7)
  2 adder zombies (Ossuary)
  A worm (D:2)
  3 leopard geckos
  67 orcs
  9 giant cockroaches
  34 goblins
  33 hobgoblins
  8 jackals
  5 quokkas
  A ball python (D:6)
  3 bats
  3 frilled lizards
  A hobgoblin zombie (Ossuary)
  A jackal zombie (D:7)
  11 kobolds
  A kobold zombie (Ossuary)
  3 orc zombies (Ossuary)
  A quokka skeleton (D:8)
  2 rats
423 creatures vanquished.

Vanquished Creatures (others)
  An orc wizard (D:4)
1 creature vanquished.

Grand Total: 424 creatures vanquished

Notes
Turn   | Place    | Note
-------+----------+-------------------------------------------
     0 | D:1      | stormannn the Gargoyle Fighter began the quest for the Orb.
     0 | D:1      | Reached XP level 1. HP: 14/14 MP: 1/1
    63 | D:1      | Reached XP level 2. HP: 19/19 MP: 2/2
   317 | D:1      | Reached XP level 3. HP: 23/23 MP: 3/3
  1150 | D:2      | Reached skill level 3 in Maces & Flails
  1359 | D:2      | Reached XP level 4. HP: 18/29 MP: 4/4
  1661 | D:3      | Reached XP level 5. HP: 6/33 MP: 5/5
  1679 | D:3      | Noticed bearx12000's ghost (amateur SpEn)
  2038 | D:3      | Killed bearx12000's ghost
  2038 | D:3      | Reached skill level 4 in Maces & Flails
  2038 | D:3      | Reached XP level 6. HP: 35/39 MP: 6/6
  2464 | D:4      | Found a glowing golden altar of the Shining One.
  2497 | D:4      | Reached XP level 7. HP: 25/44 MP: 7/7
  2792 | D:4      | Reached skill level 5 in Maces & Flails
  2852 | D:4      | Reached skill level 5 in Fighting
  2852 | D:4      | Reached skill level 5 in Armour
  2852 | D:4      | Reached skill level 5 in Shields
  3103 | D:4      | Found a hazy altar of Hepliaklqana.
  3158 | D:4      | Found a deep blue altar of Sif Muna.
  3405 | D:4      | Reached XP level 8. HP: 24/49 MP: 8/8
  3435 | D:4      | Reached skill level 6 in Maces & Flails
  4083 | D:4      | Found a blossoming altar of Fedhas.
  4426 | D:5      | Entered Level 5 of the Dungeon
  4589 | D:5      | Found a shadowy altar of Dithmenos.
  5067 | D:5      | Found a shattered altar of Ashenzari.
  5071 | D:5      | Saw a vision of the Swamp and the Snake Pit.
  5071 | D:5      | Noticed a black mamba
  5071 | D:5      | Noticed a naga sharpshooter
  5071 | D:5      | Noticed a naga mage
  5071 | D:5      | Noticed a salamander
  5071 | D:5      | Noticed a black mamba
  5071 | D:5      | Noticed a naga ritualist
  5071 | D:5      | Noticed an alligator
  5071 | D:5      | Noticed an alligator
  5071 | D:5      | Noticed an alligator
  5071 | D:5      | Noticed an alligator
  5071 | D:5      | Noticed an alligator
  5072 | D:5      | Noticed a mana viper
  5072 | D:5      | Noticed an alligator
  5072 | D:5      | Noticed an alligator
  5073 | D:5      | Noticed an alligator
  5240 | D:5      | You fall through a shaft for 2 floors!
  5309 | D:6      | Reached skill level 7 in Maces & Flails
  5614 | D:6      | Found Mofie's Armour Emporium.
  5623 | D:6      | Bought a +1 cloak of magic resistance for 181 gold pieces
  5666 | D:6      | Reached XP level 9. HP: 49/56 MP: 9/9
  5695 | D:6      | Got a distressingly furry leather armour
  5706 | D:6      | Identified the +3 leather armour of Untold Secrets {rElec rC+ Dex+3} (You found it on level 6 of the Dungeon)
  6156 | D:6      | Found a staircase to the Ecumenical Temple.
  6169 | Temple   | Entered the Ecumenical Temple
  6312 | Temple   | Became a worshipper of Warmaster Okawaru
  6599 | D:7      | Reached skill level 8 in Maces & Flails
  6802 | D:7      | Found a glowing silver altar of Zin.
  7040 | D:8      | Found a sacrificial altar of Ru.
  7048 | D:8      | Reached * piety under Okawaru
  7302 | D:8      | Found a sand-covered staircase.
  7310 | Ossuary  | Entered an ossuary
  7581 | D:8      | Found Ukyvyam's Book Shoppe.
  7601 | D:8      | Noticed a hornet
  7644 | D:8      | Killed a hornet
  7644 | D:8      | Reached skill level 9 in Maces & Flails
  7644 | D:8      | Reached XP level 10. HP: 34/63 MP: 8/10
  8062 | D:8      | Got a twisted scale mail
  8064 | D:8      | Identified the +1 scale mail of Pride {*Drain rN++ Int+4} (You found it on level 8 of the Dungeon)
  8177 | D:8      | Noticed a two-headed ogre
  8183 | D:8      | Killed a two-headed ogre
  8399 | D:9      | Noticed a two-headed ogre
  8410 | D:8      | Reached ** piety under Okawaru
  8424 | D:9      | Killed a two-headed ogre
  9107 | D:9      | Reached skill level 10 in Maces & Flails
  9189 | D:10     | Entered Level 10 of the Dungeon
  9269 | D:10     | Reached *** piety under Okawaru
  9501 | D:10     | Found Voduw's Gadget Emporium.
  9579 | D:10     | Reached XP level 11. HP: 52/69 MP: 11/11
  9728 | D:10     | Reached **** piety under Okawaru
  9986 | D:10     | Noticed Harold
 10012 | D:10     | Killed Harold
 10221 | D:10     | Reached skill level 11 in Maces & Flails
 10401 | D:10     | Got a smoking morningstar
 10402 | D:10     | Identified the +9 morningstar of Qialaum {pain, rF- rN+ Int+2} (You found it on level 10 of the Dungeon)
 10714 | D:11     | Found a staircase to the Lair.
 10723 | D:11     | Reached ***** piety under Okawaru
 11003 | D:11     | Noticed a six-headed hydra
 11263 | D:11     | Noticed a two-headed ogre
 11268 | D:11     | Killed a two-headed ogre
 11268 | D:11     | Received a gift from Okawaru
 11831 | D:9      | Got a crude chain mail
 11835 | D:9      | Identified the +4 chain mail of Indecent Exposure {rPois} (You found it on level 9 of the Dungeon)
 12189 | D:11     | Noticed a manticore
 12198 | D:11     | Killed a manticore
 12725 | D:11     | Received a gift from Okawaru
 12730 | D:11     | Reached skill level 12 in Maces & Flails
 12730 | D:11     | Reached skill level 10 in Armour
 12730 | D:11     | Reached XP level 12. HP: 62/77 MP: 12/12
 12742 | D:11     | Reached skill level 10 in Fighting
 12860 | D:11     | Found Wuvusuph's Antique Armour Boutique.
 12869 | D:11     | Reached skill level 10 in Shields
 13758 | D:12     | Noticed a two-headed ogre
 13764 | D:12     | Killed a two-headed ogre
 13780 | D:12     | Noticed Snorg
 13794 | D:12     | Killed Snorg
 14242 | D:12     | Noticed Rupert
 14258 | D:12     | Killed Rupert
 14258 | D:12     | Received a gift from Okawaru
 14258 | D:12     | Reached skill level 13 in Maces & Flails
 14260 | D:12     | Got a fine jade ring
 14264 | D:12     | Got a faintly humming ring mail {god gift}
 14265 | D:12     | Identified the +4 ring mail "Laddolinn" {+Fly Str+2 Stlth-} (Okawaru gifted it to you on level 12 of the Dungeon)
 14266 | D:12     | Identified the ring "Mecleoh" {rPois rF+++ rC- Dex+4 Stlth+} (You took it off a crimson imp on level 12 of the Dungeon)
 14489 | D:12     | Noticed a death knight
 14497 | D:12     | Killed a death knight
 14544 | D:12     | Noticed a five-headed hydra
 14555 | D:12     | Killed a five-headed hydra
 14687 | D:12     | Reached XP level 13. HP: 74/84 MP: 13/13
 14730 | D:12     | Found a staircase to the Orcish Mines.
 15125 | D:13     | Found a gate to the Vaults.
 15867 | D:13     | HP: 4/84 [orc priest/divine providence (15)]
 15871 | D:13     | Killed from afar by an orc priest

Vault maps used:
D:1:      elethiomel_arrival_shortcut
D:4:      minmay_goblin_kobold_castle, tso_metal_star, lemuel_crystal_altar,
          led_sif_book, fedhas_altar_3
D:5:      nicolae_dithmenos_shadow_blocks, first_ration, palyth_stone_intersect,
          hangedman_decor_riveting, grunt_ashenzari_visionary
D:6:      minmay_temple_entry_mist, serial_shops, shop, minmay_misc_feat_hallway
D:7:      lemuel_coloured_pillars_altar, grunt_ogre_cave
D:8:      lemuel_round_altar, serial_shops, shop, nicolae_ossuary_entry_monument
D:9:      cheibrodos_elevator_heist
D:10:     serial_shops, kennysheep_mini_moat, uniq_harold
D:11:     david_lair_generic, serial_shops, nicolae_shop_statue_plus,
          nrook_guardian_serpent_double
D:12:     david_orc_1_choice, lab_entry_generic, uniq_fannar, uniq_snorg,
          uniq_rupert
D:13:     erik_vaults_1, serial_shops, shop
Temple:   nicolae_temple_elliptical
Ossuary:  ossuary_minmay_tomb_2a

Skill      XL: |  1  2  3  4  5  6  7  8  9 10 11 12 13 |
---------------+----------------------------------------+-----
Maces & Flails | 3 4 5 7 9 10 12 13 | 13.9
Fighting       | 4 5 6 7 8 9 11 | 11.4
Armour         | 4 5 6 7 8 10 11 | 11.5
Shields        | 4 5 6 7 8 9 10 11 | 11.4

Action                   |  1- 3 |  4- 6 |  7- 9 | 10-12 | 13-15 || total
-------------------------+-------+-------+-------+-------+-------++-------
Melee: Flail             |   168 |    67 |       |       |       ||   235
       Mace              |       |    38 |   705 |    17 |       ||   760
       Great mace        |       |       |       |   151 |       ||   151
       Morningstar       |       |       |       |   384 |   165 ||   549
Invok: Heroism           |       |       |     1 |     6 |     3 ||    10
Evoke: Wand              |       |       |       |     4 |       ||     4
  Use: Potion            |       |     1 |     3 |     4 |     1 ||     9
       Scroll            |       |       |       |     7 |       ||     7
 Stab: Sleeping          |       |       |       |     2 |     2 ||     4
  Eat: Chunk             |     2 |     3 |    14 |    15 |     3 ||    37
       Ration            |       |       |     2 |     3 |       ||     5
Armor: Scale mail        |    86 |    59 |   315 |       |       ||   460
       Leather armour    |       |       |   159 |   266 |    57 ||   482
Dodge: Dodged            |    45 |    40 |   290 |   257 |    45 ||   677
Block: Shield            |    87 |    59 |   492 |   234 |    80 ||   952

Table legend:
 A = Spawn XP
 B = Non-spawn XP
 C = Spawn XP percentage of total XP
 D = Spawn monster count
 E = Non-spawn monster count
 F = Spawn count percentage of total count
 G = Total turns spent on level
                    A         B        C        D         E        F      G
               +---------+---------+-------+---------+---------+-------+---------
         Total |       0 |   40791 |   0.0 |       0 |     424 |   0.0 | 15871
               +---------+---------+-------+---------+---------+-------+---------
           D:1 |       0 |      46 |   0.0 |       0 |      26 |   0.0 |   802
           D:2 |       0 |      92 |   0.0 |       0 |      18 |   0.0 |   819
           D:3 |       0 |     353 |   0.0 |       0 |      18 |   0.0 |   831
           D:4 |       0 |     931 |   0.0 |       0 |      73 |   0.0 |  1974
           D:5 |       0 |     529 |   0.0 |       0 |      14 |   0.0 |   925
           D:6 |       0 |     892 |   0.0 |       0 |      30 |   0.0 |   974
           D:7 |       0 |    1084 |   0.0 |       0 |      20 |   0.0 |   551
           D:8 |       0 |    1587 |   0.0 |       0 |      11 |   0.0 |  1124
           D:9 |       0 |    2240 |   0.0 |       0 |      16 |   0.0 |  1216
          D:10 |       0 |    4317 |   0.0 |       0 |      30 |   0.0 |  1498
          D:11 |       0 |    7260 |   0.0 |       0 |      48 |   0.0 |  2194
          D:12 |       0 |   14827 |   0.0 |       0 |      54 |   0.0 |  1713
          D:13 |       0 |    6322 |   0.0 |       0 |      50 |   0.0 |   826
       Ossuary |       0 |     311 |   0.0 |       0 |      16 |   0.0 |   260
               +---------+---------+-------+---------+---------+-------+---------
